 Dungeon Crawl Stone Soup version 0.24-a0-487-g57318f2ed0 (webtiles) character file.

Game seed: 9911677602947865051

28788 Gargoyl the Schismatic (level 13, -1/105 HPs)
             Began as a Centaur Abyssal Knight on July 10, 2019.
             Was an Elder of Lugonu.
             Slain by a spiny frog (54 damage)
             ... on level 6 of the Lair of Beasts.
             The game lasted 00:36:30 (27028 turns).

Gargoyl the Schismatic (Centaur Abyssal Knight)    Turns: 27028, Time: 00:36:31

Health: -1/105     AC: 13    Str: 16    XL:     13   Next: 11%
Magic:  20/20      EV:  5    Int: 11    God:    Lugonu [****..]
Gold:   816        SH:  0    Dex: 13    Spells: 12/12 levels left

rFire    . . .     SeeInvis .   C - +2 hand axe (venom)
rCold    . . .     Gourm    .   k - +2 shield
rNeg     . . .     Faith    .   E - +0 plate armour
rPois    +         Spirit   .   g - +0 helmet
rElec    .         Reflect  +   q - scarf {cloud immunity}
rCorr    .         Harm     .   (no gloves)
MR       +....                  (no barding)
Stlth    ..........             s - +3 amulet of reflection
HPRegen  0.27/turn              i - ring of poison resistance
MPRegen  0.17/turn              m - ring of protection from magic

@: sleeping, very quick
A: large, hooves 3, deformed body, speed 2, mutation resistance 1, tough skin 3
a: Depart the Abyss, Bend Space, Banish, Corrupt, Renounce Religion


You were on level 6 of the Lair of Beasts.
You worshipped Lugonu.
Lugonu was greatly pleased with you.
You were not hungry.

You visited 2 branches of the dungeon, and saw 15 of its levels.
You visited the Abyss 1 time.
You also visited: Sewer and Volcano.

You collected 936 gold pieces.
You spent 120 gold pieces at shops.

Inventory:

Hand Weapons
 a - a +2 hand axe
 C - a +2 hand axe of venom (weapon)
Missiles
 J - 3 boomerangs (quivered)
Armour
 g - a +0 helmet (worn)
 k - a +2 shield (worn)
 q - a scarf of cloud immunity (worn)
 E - a +0 plate armour (worn)
Jewellery
 h - an uncursed ring of resist corrosion
 i - a ring of poison resistance (left hand)
 m - a ring of protection from magic (right hand)
 s - a +3 amulet of reflection (around neck)
 H - an uncursed ring of see invisible
 K - an uncursed ring of protection from fire
Wands
 j - a wand of paralysis (2)
 n - a wand of digging (5)
 r - a wand of iceblast (12)
 w - a wand of polymorph (7)
 y - a wand of flame (48)
 I - a wand of random effects (6)
Scrolls
 e - 2 scrolls of fog
 f - 6 scrolls of remove curse
 l - 5 scrolls of magic mapping
 x - 4 scrolls of identify
 D - a scroll of teleportation
Potions
 b - 5 potions of haste
 d - a potion of magic
 o - 7 potions of curing
 p - 2 potions of invisibility
 t - 4 potions of heal wounds
 u - a potion of might
 v - a potion of flight {unknown}
 z - 2 potions of ambrosia
 A - a potion of brilliance
 B - 2 potions of agility
 F - 2 potions of lignification
 G - a potion of cancellation
Comestibles
 c - 12 rations
 L - 3 chunks of flesh


   Skills:
 + Level 7.1 Fighting
 + Level 8.9 Axes
 + Level 0.8 Throwing
 * Level 9.3 Armour
 * Level 6.8 Dodging
 + Level 6.6 Shields
 * Level 10.3 Invocations
 + Level 1.4 Evocations


You had 12 spell levels left.
You didn't know any spells.
Your spell library contained the following spells:

 Spells                   Type           Power        Failure   Level  Hunger
 Beastly Appendage        Tmut           #.....       100%        1    ##.....
 Confusing Touch          Hex            #.....       100%        1    ##.....
 Corona                   Hex            #......      100%        1    ##.....
 Flame Tongue             Conj/Fire      #....        100%        1    ##.....
 Infusion                 Chrm           #...         100%        1    ##.....
 Magic Dart               Conj           #...         100%        1    ##.....
 Shock                    Conj/Air       #...         100%        1    ##.....
 Summon Small Mammal      Summ           #...         100%        1    ##.....
 Call Imp                 Summ           #.......     100%        2    ###....
 Ensorcelled Hibernation  Hex/Ice        #.....       100%        2    ###....
 Poisonous Vapours        Pois/Air       #.....       100%        2    ###....
 Searing Ray              Conj           #.....       100%        2    ###....
 Shroud of Golubria       Chrm/Tloc      #.....       100%        2    ###....
 Slow                     Hex            #.......     100%        2    ###....
 Song of Slaying          Chrm           #.......     100%        2    ###....
 Sticks to Snakes         Tmut           #.......     100%        2    ###....
 Swiftness                Chrm/Air       #.......     100%        2    ###....
 Throw Flame              Conj/Fire      #.....       100%        2    ###....
 Call Canine Familiar     Summ           #.......     100%        3    ####...
 Confuse                  Hex            #.......     100%        3    ####...
 Conjure Flame            Conj/Fire      #.......     100%        3    ####...
 Dazzling Spray           Conj/Hex       #.....       100%        3    ####...
 Gell's Gravitas          Tloc           #.........   100%        3    ####...
 Inner Flame              Hex/Fire       #.......     100%        3    ####...
 Mephitic Cloud           Conj/Pois/Air  #.......     100%        3    ####...
 Portal Projectile        Hex/Tloc       #.....       100%        3    ####...
 Regeneration             Chrm/Necr      #.........   100%        3    ####...
 Spectral Weapon          Hex/Chrm       #.......     100%        3    ####...
 Spider Form              Tmut/Pois      #.........   100%        3    ####...
 Static Discharge         Conj/Air       #.......     100%        3    ####...
 Summon Guardian Golem    Hex/Summ       #.......     100%        3    ####...
 Tukima's Dance           Hex            #.......     100%        3    ####...
 Airstrike                Air            #.........   100%        4    #####..
 Cause Fear               Hex            #.........   100%        4    #####..
 Force Lance              Conj/Tloc      #.......     100%        4    #####..
 Fulminant Prism          Conj/Hex       #.........   100%        4    #####..
 Ice Form                 Ice/Tmut       #.......     100%        4    #####..
 Iskenderun's Mystic Bla  Conj           #.......     100%        4    #####..
 Leda's Liquefaction      Hex/Erth       #.........   100%        4    #####..
 Passage of Golubria      Tloc           N/A          100%        4    #####..
 Petrify                  Tmut/Erth      #.......     100%        4    #####..
 Sticky Flame             Conj/Fire      #.......     100%        4    #####..
 Summon Ice Beast         Ice/Summ       #.......     100%        4    #####..
 Summon Lightning Spire   Summ/Air       #.......     100%        4    #####..
 Blade Hands              Tmut           #.........   100%        5    ######.
 Fireball                 Conj/Fire      #.........   100%        5    ######.
 Lightning Bolt           Conj/Air       #.........   100%        5    ######.
 Metabolic Englaciation   Hex/Ice        #.........   100%        5    ######.
 Summon Mana Viper        Hex/Summ       #.......     100%        5    ######.
 Yara's Violent Unravell  Hex/Tmut       #.........   100%        5    ######.
 Dispersal                Tloc           #.........   100%        6    #######
 Freezing Cloud           Conj/Ice/Air   #.........   100%        6    #######
 Ring of Flames           Chrm/Fire      #.........   100%        7    #######


Dungeon Overview and Level Annotations

Branches:
Dungeon (9/15)             Temple (0/1) D:7            Lair (6/6) D:9
 Shoals (0/4) Lair:4        Snake (0/4) Lair:4        Slime (0/5) Lair:5
    Orc: D:9-12

Altars:
Fedhas
Gozag
Kikubaaqudgha
Makhleb
Nemelex Xobeh
Okawaru
Ru
Sif Muna
Trog
Vehumet
Xom
Yredelemnul
Zin

Shops:
D:6 (   D:8 !

Annotations:
D:9 2 transporters
Lair:2 3 runed translucent doors, exclusion: 4 oklob plants, Zaamme Wyni's ghost, journeyman HuAr
Lair:4 1 runed translucent door, Sigygo's ghost, journeyman DsFi
Abyss:1 Fannar, Prince Ribbit


Innate Abilities, Weirdness & Mutations

You have hooves in place of feet.
Armour fits poorly on your strangely shaped body.
You cover ground very quickly.
You have extremely tough skin. (AC +3)
You are somewhat resistant to further mutation.


Message History

The boggart casts a spell.
The boggart blinks!
The dream sheep ruffles its wool and motes of dream dust sparkle, to no effect.
The spiny frog stings you but does no damage.
Unknown command.
You hit the spiny frog.
The spiny frog is poisoned.
You kick the spiny frog, but do no damage.
The spiny frog is lightly wounded.
You block the spiny frog's attack.
You hit the spiny frog but do no damage.
You kick the spiny frog.
The spiny frog is moderately wounded.
The spiny frog stings you!!
The dream sheep shakes its wool and sparkles.
You feel drowsy...
You fall asleep.
You hear an angry buzzing noise. x2
You hear a howl! x2; You hear a shout!
The spiny frog stings you!!!
Ouch! That really hurt!
You die... ♣♣ .♣♣ Hk♣♣hY♣

♣♣♣♣♣Fighh♣
♣♣♣♣...@♣
♣.♣..♣♣♣♣ ♣♣♣
#♣..♣♣♣
♣♣♣.♣♣#...#
♣♣....##...♣
♣♣....#....P# ♣♣♣
.......#..####♣.P♣
†.......÷....#.PPP
..†÷..............


You could see a hippogriff, a spiny frog, a rime drake, a spriggan, 3 wolves, a
dream sheep and a boggart.

Vanquished Creatures
  A two-headed ogre (D:8)
  Urug (Lair:5)
  Pikel (D:6)
  6 elephants
  A black mamba (Lair:4)
  10 spiny frogs
  An eye of devastation (Lair:5)
  7 komodo dragons
  4 rime drakes
  Grinder (D:6)
  5 blink frogs
  6 dream sheep
  A snapping turtle (Lair:4)
  Sigmund (D:5)
  5 hippogriffs
  A fire elemental (Lair:5)
  2 basilisks
  21 yaks
  A naga (Lair:4)
  9 porcupines
  9 water moccasins
  2 ice beasts
  2 orc warriors
  2 phantoms
  3 sky beasts
  3 black bears
  2 eyes of draining
  A necrophage (D:6)
  5 ogres
  22 wolves
  5 centaurs
  A big kobold (Sewer)
  14 crocodiles
  20 bullfrogs
  A water moccasin zombie (D:9)
  3 scorpions
  9 wights
  3 crimson imps
  2 jellies
  A bullfrog zombie (D:7)
  5 hounds
  2 orc priests
  2 bullfrog skeletons
  5 iguanas
  3 worker ants (D:5)
  7 orc wizards
  A hound skeleton (D:7)
  4 gnolls (D:7)
  11 adders
  A river rat (D:6)
  4 shadow imps
  2 adder skeletons
  5 worms
  2 dart slugs
  A leopard gecko (D:2)
  7 orcs
  A ball python (Sewer)
  7 giant cockroaches
  7 goblins
  6 hobgoblins
  9 jackals
  6 quokkas
  15 bats
  5 frilled lizards
  19 kobolds
  7 rats
  3 fungi
  2 plants
344 creatures vanquished.

Vanquished Creatures (others)
  A hydra (Lair:3)
  An ugly thing (D:6)
  2 black mambas
  Joseph (D:7)
  A blink frog (Lair:1)
  A hungry ghost (D:8)
  2 slaves (D:6)
  An orc warrior (D:7)
  A wolf (D:9)
  3 centaurs
  A wight (D:6)
  9 fungi
  23 plants
47 creatures vanquished.

Grand Total: 391 creatures vanquished

Notes
Turn   | Place    | Note
-------+----------+-------------------------------------------
     0 | Abyss:1  | Gargoyl the Centaur Abyssal Knight began the quest for the
                  | Orb.
     0 | Abyss:1  | Reached XP level 1. HP: 19/19 MP: 2/2
    23 | Abyss:3  | Got an iridescent shortbow
    32 | Abyss:3  | Found a shattered altar of Ashenzari.
    34 | Abyss:3  | Noticed a wretched star
    34 | D:1      | Escaped the Abyss
   381 | D:1      | Reached * piety under Lugonu
   381 | D:1      | Reached XP level 2. HP: 21/26 MP: 3/3
   594 | D:2      | Found a radiant altar of Vehumet.
   806 | D:2      | Reached skill level 1 in Dodging
   809 | D:2      | Reached XP level 3. HP: 24/31 MP: 4/4
  1312 | D:2      | Found an opulent altar of Gozag.
  1313 | D:2      | Found a glowing silver altar of Zin.
  1828 | D:3      | Reached ** piety under Lugonu
  1988 | D:3      | Reached XP level 4. HP: 31/39 MP: 5/5
  2261 | D:3      | Noticed an ogre
  2562 | D:3      | Killed an ogre
  2562 | D:3      | Reached XP level 5. HP: 21/46 MP: 5/7
  3179 | D:4      | Reached skill level 3 in Invocations
  3959 | D:5      | Entered Level 5 of the Dungeon
  3967 | D:5      | Found a sacrificial altar of Ru.
  3969 | D:5      | Noticed Prince Ribbit
  3982 | D:6      | Found a glowing drain.
  3992 | D:6      | Identified the Reference Book on Quantum Creation
  3996 | D:6      | Identified the +4 shortbow of Deejih {speed, Dex+2} (You
                  | found it on level 3 of the Abyss)
  4028 | Sewer    | Entered a sewer
  4079 | Sewer    | Reached XP level 6. HP: 52/52 MP: 8/8
  4177 | Sewer    | Reached *** piety under Lugonu
  4369 | D:6      | Reached skill level 1 in Shields
  4599 | D:6      | Reached XP level 7. HP: 58/58 MP: 9/9
  4617 | D:6      | Found a deep blue altar of Sif Muna.
  4692 | D:5      | Noticed Grinder
  4697 | D:6      | Found Uckukewn's Antique Weapon Boutique.
  4720 | D:6      | Found a sparkling altar of Nemelex Xobeh.
  4726 | D:6      | Killed Grinder
  4726 | D:6      | Reached skill level 4 in Invocations
  4931 | D:6      | Noticed Pikel
  4971 | D:6      | Killed Pikel
  4971 | D:6      | Reached XP level 8. HP: 19/66 MP: 11/11
  5091 | D:5      | Banished Prince Ribbit
  5091 | D:5      | Reached skill level 5 in Axes
  5091 | D:5      | Reached skill level 1 in Evocations
  5294 | D:5      | Noticed Sigmund
  5309 | D:5      | Killed Sigmund
  5309 | D:5      | Reached skill level 5 in Invocations
  5342 | D:5      | Found a bloodstained altar of Trog.
  5404 | D:5      | Found an iron altar of Okawaru.
  5900 | D:5      | Found a shimmering altar of Xom.
  6115 | D:6      | Reached XP level 9. HP: 66/72 MP: 11/13
  6156 | D:6      | Found a burning altar of Makhleb.
  7290 | D:7      | Noticed a white ugly thing
  7430 | D:6      | Banished a white ugly thing
  7706 | D:7      | Reached skill level 5 in Armour
  7706 | D:7      | Reached skill level 6 in Invocations
  8204 | D:7      | Found a staircase to the Ecumenical Temple.
  8284 | D:7      | Noticed Joseph
  8298 | D:7      | Killed Joseph
  8298 | D:7      | Reached skill level 5 in Fighting
  8741 | D:8      | Reached **** piety under Lugonu
  8820 | D:8      | Found a transporter.
  8825 | D:8      | Found Wannuuj's Distillery.
  8828 | D:8      | Noticed a death knight
  8828 | D:8      | Found an ancient bone altar of Kikubaaqudgha.
  8828 | D:8      | Found a basalt altar of Yredelemnul.
  8847 | D:8      | Found a transporter.
  8938 | D:8      | Reached XP level 10. HP: 59/81 MP: 14/14
  9133 | D:8      | Noticed a two-headed ogre
  9146 | D:8      | Killed a two-headed ogre
  9464 | D:8      | Found a blossoming altar of Fedhas.
  9518 | D:8      | Reached skill level 7 in Invocations
  9882 | D:8      | Bought a potion of mutation for 120 gold pieces
  9882 | D:8      | Gained mutation: You evolve. [potion of mutation]
  9882 | D:8      | Gained mutation: Your spells are a little harder to cast,
                  | but a little more powerful. [potion of mutation]
 10689 | D:9      | Found a transporter.
 11141 | D:9      | Found a transporter.
 11376 | D:9      | Found a staircase to the Lair.
 11618 | Lair:1   | Entered Level 1 of the Lair of Beasts
 11857 | D:9      | Reached skill level 5 in Dodging
 12319 | Lair:1   | Noticed Fannar
 12372 | D:9      | Reached XP level 11. HP: 13/88 MP: 16/16
 12465 | D:9      | Gained mutation: Scrolls take you a little longer to read.
                  | [evolution]
 13007 | D:9      | Banished Fannar
 13351 | Lair:1   | Reached skill level 8 in Invocations
 14357 | Lair:1   | Reached skill level 5 in Shields
 14809 | Lair:2   | Lost mutation: Your spells are a little harder to cast, but
                  | a little more powerful. [potion of mutation]
 14809 | Lair:2   | Lost mutation: You evolve. [potion of mutation]
 14809 | Lair:2   | Lost mutation: Scrolls take you a little longer to read.
                  | [potion of mutation]
 14809 | Lair:2   | Gained mutation: You are somewhat resistant to further
                  | mutation. [potion of mutation]
 16145 | Lair:2   | Found a runed translucent gate.
 16145 | Lair:2   | Found a runed translucent gate.
 16145 | Lair:2   | Found a runed translucent gate.
 16145 | Lair:2   | Noticed Zaamme Wyni's ghost (journeyman HuAr)
 17477 | Lair:2   | Noticed an oklob plant
 17478 | Lair:2   | Noticed an oklob plant
 17478 | Lair:2   | Noticed an oklob plant
 17478 | Lair:2   | Noticed an oklob plant
 18636 | Lair:3   | Reached skill level 9 in Invocations
 18691 | Lair:3   | Noticed a four-headed hydra
 18696 | Lair:3   | Banished a four-headed hydra
 18713 | Lair:3   | Reached XP level 12. HP: 73/96 MP: 7/18
 19992 | Lair:3   | Found a burning altar of Makhleb.
 21474 | Lair:4   | Found a staircase to the Snake Pit.
 22101 | Lair:4   | Found a staircase to the Shoals.
 23639 | Lair:4   | Found a runed translucent door.
 23641 | Lair:4   | Noticed Sigygo's ghost (journeyman DsFi)
 23643 | Lair:4   | Identified the +10 spear of Conscience {pierce, rC+}
 23868 | Lair:5   | Reached skill level 10 in Invocations
 24053 | Lair:5   | Found a dark tunnel.
 24058 | Volcano  | Entered a volcano
 25112 | Lair:5   | Noticed Urug
 25453 | Lair:5   | Killed Urug
 25693 | Lair:5   | Found a staircase to the Slime Pits.
 25844 | Lair:5   | Reached XP level 13. HP: 86/105 MP: 20/20
 26449 | Lair:6   | Entered Level 6 of the Lair of Beasts
 27028 | Lair:6   | Slain by a spiny frog

Levels and vault maps discovered:
D:1:      lemuel_arrival_funnel, layout_rooms
D:2:      layout_basic, grunt_temple_overflow_gold_and_silver,
          lemuel_crystal_altar, first_ration, minmay_indecisive_spiral
D:3:      layout_loops_cross, nicolae_overflow_hidden_temple, minivault_14
D:4:      layout_loops_ring
D:5:      layout_rooms, nicolae_ru_the_path_less_chosen,
          overflow_temple_1_default, okawaru_metal_pillars_1_2,
          kennysheep_mini_moat, kennysheep_generic_room_9, uniq_prince_ribbit1,
          uniq_sigmund, uniq_grinder
D:6:      layout_gridville, makhleb_grotto_becter,
          nemelex_xobeh_ov_fountains_minmay, serial_shops, shop,
          cheibrodos_sewer_entry_sluice, tgw_sif, uniq_pikel
D:7:      layout_rooms, minmay_temple_entry_from_below_a, uniq_joseph
D:8:      layout_basic, fedhas_altar_1, gammafunk_temple_of_torment,
          serial_shops, shop, serial_curves, eino_curves_04, eino_curves_01
D:9:      gammafunk_cloud_chamber, layout_cave_pools, lair_entry_dummy
Lair:1:   beast_lair_carwin_large_3, layout_loops_ring, st_stairs_8,
          wad_woods_03, uniq_fannar
Lair:2:   layout_gridlike, ebering_ghost_rock_garden, grunt_megastairs_4,
          minmay_lair_oklob_chamber
Lair:3:   layout_chaotic_city, basic_altar
Lair:4:   layout_big_grid, minmay_shoals_entry_centaurs,
          guppyfry_snake_entry_garden, ebering_ghost_funeral_grove
Lair:5:   layout_layer_cave, minmay_slime_entry_eyes,
          nicolae_volcano_entry_s_turn, infiniplex_staircase_pool_2,
          lemuel_fruit_tree, uniq_urug
Lair:6:   minmay_lair_end_enchanted_forest, layout_cave_pods, grunt_megastairs_5

Skill      XL: |  1  2  3  4  5  6  7  8  9 10 11 12 |
---------------+-------------------------------------+-----
Axes           | 2 3 4 5 6 7 8 |  8.9
Dodging        | 1 2 3 4 5 6 |  6.8
Armour         | 2 3 4 5 6 8 9 |  9.3
Invocations    | 3 4 5 6 7 9 10 | 10.3
Shields        | 1 2 3 4 5 6 |  6.6
Fighting       | 4 5 6 7 |  7.1
Evocations     | 1 |  1.4
Throwing       | |  0.8

Action                   |  1- 3 |  4- 6 |  7- 9 | 10-12 | 13-15 || total
-------------------------+-------+-------+-------+-------+-------++-------
Melee: Hand axe          |   124 |   158 |   386 |  1057 |   118 ||  1843
       Kick              |    13 |    27 |    91 |   340 |    30 ||   501
Throw: Boomerang         |       |       |       |     9 |       ||     9
Invok: Depart the Abyss  |     1 |       |       |       |       ||     1
       Bend Space        |       |     6 |     2 |     4 |       ||    12
       Banish            |       |       |     3 |    17 |       ||    20
Evoke: Wand              |       |     4 |     8 |     9 |       ||    21
  Use: Scroll            |     6 |     5 |     4 |    13 |       ||    28
       Potion            |       |     3 |     1 |    12 |       ||    16
 Stab: Paralysed         |       |       |       |     5 |       ||     5
  Eat: Chunk             |     2 |     4 |     9 |    32 |     4 ||    51
       Ration            |       |     1 |     1 |     8 |       ||    10
Armor: Leather armour    |    64 |       |       |       |       ||    64
       Ring mail         |    12 |    99 |    54 |       |       ||   165
       Skin              |       |    12 |       |       |       ||    12
       Chain mail        |       |       |    72 |       |       ||    72
       Plate armour      |       |       |    18 |   461 |    33 ||   512
Dodge: Dodged            |    66 |    43 |    68 |   116 |    15 ||   308
Block: Shield            |    25 |    97 |   272 |   809 |    67 ||  1270
       Reflection        |       |       |     8 |    16 |       ||    24

Table legend:
 A = Non-vault XP
 B = Vault XP
 C = Vault XP percentage of total XP
 D = Non-vault monster count
 E = Vault monster count
 F = Vault count percentage of total count
                 A         B        C        D         E       F
            +---------+---------+-------+---------+---------+-------
      Total |   33060 |    8066 |  19.6 |     282 |      71 |  20.1
            +---------+---------+-------+---------+---------+-------
        D:1 |      15 |       0 |   0.0 |       9 |       0 |   0.0
        D:2 |      52 |       6 |  10.3 |      19 |       4 |  17.4
        D:3 |     169 |       0 |   0.0 |      20 |       0 |   0.0
        D:4 |     111 |       0 |   0.0 |      14 |       0 |   0.0
        D:5 |     562 |     384 |  40.6 |      13 |       3 |  18.8
        D:6 |     855 |    1054 |  55.2 |      17 |       6 |  26.1
        D:7 |    1276 |     412 |  24.4 |      23 |       1 |   4.2
        D:8 |    2354 |       0 |   0.0 |      25 |       0 |   0.0
        D:9 |    2534 |     742 |  22.6 |      26 |       3 |  10.3
     Lair:1 |    3809 |    1402 |  26.9 |      16 |      11 |  40.7
     Lair:2 |    7108 |     230 |   3.1 |      34 |       2 |   5.6
     Lair:3 |    4067 |       0 |   0.0 |      21 |       0 |   0.0
     Lair:4 |    6330 |     497 |   7.3 |      26 |       4 |  13.3
     Lair:5 |    3047 |    1543 |  33.6 |      13 |       4 |  23.5
     Lair:6 |     771 |    1640 |  68.0 |       6 |       9 |  60.0
      Sewer |       0 |     156 | 100.0 |       0 |      24 | 100.0
            +---------+---------+-------+---------+---------+-------
